 Zot Defence DCSS version 0.15.2 (webtiles) character file.

17873 magog001 the Cleaver (level 12, -1/113 HPs)
             Began as a Minotaur Fighter on Aug 24, 2017.
             Killed by divine providence
             ... invoked by a sphinx
             ... summoned by Kirke
              (15 damage)
             ... in the Realm of Zot (Scenario I: Hall of Zot).
             The game lasted 00:25:01 (2592 turns).

magog001 the Cleaver (Minotaur Fighter)             Turns: 2592, Time: 00:25:01

HP  -1/113       AC  8     Str 24      XL: 12   Next: 22%
MP   5/5         EV 10     Int  5      God:
Gold 0           SH 12     Dex 12      Spells:  0 memorised, 11 levels left

rFire  . . .     SeeInvis .     a - +0 war axe
rCold  . . .     Clarity  .     g - +1 ring mail {rPois}
rNeg   . . .     rCorr    .     c - +0 shield
rPois  +         rRot     .     (helmet restricted)
rElec  .         Spirit   .     (no cloak)
SustAb .         Warding  .     (no gloves)
rMut   .         Stasis   .     (no boots)
Gourm  .                        (no amulet)
MR     .....                    (no ring)
                                (no ring)

@: not resistant to hostile enchantments, very unstealthy
A: retaliatory headbutt, horns 2
a: Make oklob sapling, Make arrow trap, Make plant, Remove Curse, Make burning
bush, Make altar, Make grenades, Make oklob plant, Make net trap, Make ice
statue, Make spear trap, Make alarm trap, Make mushroom circle


You were in the Realm of Zot.
You were not hungry.

You visited 1 branch

Inventory:

Hand weapons
 a - a +0 war axe (weapon)
 l - a +1 dagger of venom
 m - a +0 shortbow
Missiles
 e - 6 poisoned javelins
 n - 18 arrows
 o - 3 throwing nets (quivered)
Armour
 b - a +0 scale mail
 c - a +0 shield (worn)
 g - a +1 ring mail of poison resistance (worn)
 p - a +0 chain mail
Comestibles
 f - a bread ration
Scrolls
 k - a scroll of blinking
Potions
 d - 3 potions of curing
 h - a potion of haste
 i - 2 potions of magic
 j - a potion of berserk rage


   Skills:
 + Level 12.5 Fighting
 + Level 2.1 Short Blades
 + Level 13.9 Axes
 + Level 1.1 Throwing
 + Level 10.8 Armour
 + Level 3.8 Dodging
 + Level 10.5 Shields


You had 11 spell levels left.
You didn't know any spells.

Dungeon Overview and Level Annotations

Branches:
    Zot (1/1)

Altars:

Annotations:
Zot Kirke


Innate Abilities, Weirdness & Mutations

You reflexively headbutt those who attack you in melee.
You have a pair of horns on your head.


Message History

Your shield prevents you from hitting the sphinx.
Your headbutt misses the sphinx.
The sphinx is moderately wounded.
The sphinx mumbles some strange words.
Something smites you!
* * * LOW HITPOINT WARNING * * *
The manticore disappears in a puff of smoke!
Kirke mumbles some strange words.
Kirke summons a sphinx!
The sphinx casts a spell.
Something smites you!
* * * LOW HITPOINT WARNING * * *
The sphinx mumbles some strange words.
Something smites you!
* * * LOW HITPOINT WARNING * * *
The harpy disappears in a puff of smoke!
Your oklob sapling spits acid past the sphinx.
The sphinx mumbles some strange words.
Something smites you!
You die...

..## #....................#
...# #....................#
...## #....P..P............#
....###....................#
##.g.###..................##
##H.@.##................##
###.....H.............##
##############H....▓▓
####.......@.......▓▓
###...................▓▓
##...)..................▓▓ ▓
#........................▓
▓▓▓........................▓
.▓▓.......................▓▓
..▓......................▓▓
...............P........▓▓
..▓......................▓▓


You could see a sphinx and a friendly oklob plant.

Vanquished Creatures
  A sphinx (Zot)
  A hill giant (Zot)
  A basilisk (Zot)
  A spiny frog (Zot)
  Prince Ribbit (Zot)
  5 slime creatures (Zot)
  A freezing wraith (Zot)
  A deep elf fighter (Zot)
  4 yaks (Zot)
  A spectral troll (Zot)
  Purgy (Zot)
  A centaur (Zot)
  2 ogres (Zot)
  8 giant frogs (Zot)
  An ogre simulacrum (Zot)
  2 wights (Zot)
  2 hounds (Zot)
  2 worker ants (Zot)
  An adder (Zot)
  An ooze (Zot)
  2 orcs (Zot)
  A hobgoblin (Zot)
  A jackal (Zot)
  A giant newt (Zot)
  2 goblins (Zot)
  A crawling corpse (Zot)
46 creatures vanquished.

Vanquished Creatures (collateral kills)
  A large abomination (Zot)
  Urug (Zot)
  A spectral griffon (Zot)
  2 harpies (Zot)
  A centaur zombie (Zot)
  A spectral hill giant (Zot)
  A gargoyle (Zot)
  A deep elf priest (Zot)
  2 deep elf fighters (Zot)
  2 two-headed ogres (Zot)
  2 hungry ghosts (Zot)
  2 yaks (Zot)
  5 hogs (Zot)
  3 deep elf magi (Zot)
  A hill giant zombie (Zot)
  A spectral troll (Zot)
  2 phantoms (Zot)
  An ice beast (Zot)
  A water moccasin (Zot)
  A black bear (Zot)
  A hill giant simulacrum (Zot)
  A centaur (Zot)
  A spectral elf (Zot)
  4 giant frogs (Zot)
  An ogre simulacrum (Zot)
  A scorpion (Zot)
  A tengu zombie (Zot)
  6 wights (Zot)
  A crimson imp (Zot)
  A yaktaur simulacrum (Zot)
  2 worker ants (Zot)
  A hound (Zot)
  An orc priest (Zot)
  A worker ant zombie (Zot)
  4 adders (Zot)
  A gnoll (Zot)
  A shadow imp (Zot)
  3 orcs (Zot)
  A goblin (Zot)
  2 hobgoblins (Zot)
  A bat (Zot)
  2 giant geckos (Zot)
  5 giant newts (Zot)
  3 giant spores (Zot)
  3 jackals (Zot)
  A kobold (Zot)
  A rat (Zot)
83 creatures vanquished.

Vanquished Creatures (others)
  12 oklob plants (Zot)
  A burning bush (Zot)
  6 oklob saplings (Zot)
  A crawling corpse (Zot)
20 creatures vanquished.

Grand Total: 149 creatures vanquished

Notes
Turn   | Place    | Note
--------------------------------------------------------------
     0 | Zot      | magog001, the Minotaur Fighter, began the quest for the Orb.
     0 | Zot      | Reached XP level 1. HP: 19/19 MP: 1/1
  1071 | Zot      | Noticed a giant frog
  1079 | Zot      | Noticed a giant frog
  1085 | Zot      | Noticed a spiny frog
  1093 | Zot      | Killed a giant frog
  1093 | Zot      | Reached skill level 4 in Fighting
  1093 | Zot      | Reached skill level 5 in Armour
  1093 | Zot      | Reached XP level 2. HP: 11/28 MP: 1/1
  1093 | Zot      | Reached XP level 3. HP: 13/34 MP: 2/2
  1093 | Zot      | Reached XP level 4. HP: 15/41 MP: 2/2
  1093 | Zot      | Reached XP level 5. HP: 17/47 MP: 2/2
  1095 | Zot      | Noticed a giant frog
  1102 | Zot      | Noticed Prince Ribbit
  1125 | Zot      | Killed a giant frog
  1125 | Zot      | Reached skill level 5 in Fighting
  1138 | Zot      | Reached skill level 5 in Shields
  1138 | Zot      | Reached XP level 6. HP: 29/56 MP: 3/3
  1148 | Zot      | Killed a giant frog
  1148 | Zot      | Reached skill level 6 in Armour
  1156 | Zot      | Killed a spiny frog
  1156 | Zot      | Reached skill level 7 in Armour
  1156 | Zot      | Reached XP level 7. HP: 36/64 MP: 3/3
  1156 | Zot      | Reached XP level 8. HP: 39/71 MP: 3/3
  1161 | Zot      | Killed Prince Ribbit
  1161 | Zot      | Reached skill level 5 in Axes
  1161 | Zot      | Reached skill level 8 in Armour
  1245 | Zot      | Noticed Purgy
  1254 | Zot      | Killed Purgy
  1254 | Zot      | Reached XP level 9. HP: 60/81 MP: 4/4
  1338 | Zot      | Reached skill level 9 in Armour
  1338 | Zot      | Reached skill level 1 in Dodging
  1763 | Zot      | Reached XP level 10. HP: 89/91 MP: 4/4
  1796 | Zot      | Noticed a hill giant
  1806 | Zot      | Killed a hill giant
  1806 | Zot      | Reached skill level 10 in Armour
  2007 | Zot      | Killed a spectral griffon
  2007 | Zot      | Reached skill level 10 in Fighting
  2071 | Zot      | Reached skill level 10 in Axes
  2202 | Zot      | Noticed Urug
  2216 | Zot      | Killed Urug
  2216 | Zot      | Reached skill level 10 in Shields
  2216 | Zot      | Reached XP level 11. HP: 94/101 MP: 4/4
  2232 | Zot      | Reached skill level 11 in Axes
  2245 | Zot      | Reached skill level 1 in Short Blades
  2306 | Zot      | Noticed a large abomination
  2308 | Zot      | Reached skill level 12 in Axes
  2378 | Zot      | Killed a large abomination
  2378 | Zot      | Reached skill level 13 in Axes
  2396 | Zot      | Reached XP level 12. HP: 26/112 MP: 5/5
  2537 | Zot      | Reached skill level 1 in Throwing
  2542 | Zot      | Noticed Kirke
  2547 | Zot      | Noticed a sphinx
  2570 | Zot      | Killed a sphinx
  2571 | Zot      | Noticed a sphinx
  2575 | Zot      | Noticed a sphinx
  2592 | Zot      | Killed from afar by a sphinx

Action                   |  1- 3 |  4- 6 |  7- 9 | 10-12 || total
-------------------------+-------+-------+-------+-------++-------
Melee: War axe           |    14 |    21 |    72 |   117 ||   224
       Dagger            |       |       |       |    57 ||    57
Throw: Throwing net      |       |       |       |     4 ||     4
 Abil: Make oklob saplin |       |     2 |     8 |       ||    10
       Make net trap     |       |       |    11 |    22 ||    33
       Make oklob plant  |       |       |     4 |    11 ||    15
       Make burning bush |       |       |     2 |     1 ||     3
       Make grenades     |       |       |       |     1 ||     1
  Use: Potion            |       |       |       |     2 ||     2
 Stab: Distracted        |       |       |       |     1 ||     1
